 Dungeon Crawl Stone Soup version 0.25-a0-803-g58bd18402a (webtiles) character file.

Game seed: 13016871849109098805, levelgen mode: deterministic

9 Maedhros the Charlatan (level 2, -2/18 HPs)
             Began as an Octopode Artificer on Apr 19, 2020.
             Slain by a howler monkey (3 damage)
             ... on level 2 of the Dungeon.
             The game lasted 00:00:15 (118 turns).

Maedhros the Charlatan (Octopode Artificer)          Turns: 118, Time: 00:00:16

Health: -2/18      AC:  1    Str: 11    XL:     2   Next: 12%
Magic:  4/4        EV: 13    Int: 13    God:
Gold:   25         SH:  0    Dex: 12    Spells: 1/1 levels left

rFire    . . .     SeeInvis .   a - +0 short sword
rCold    . . .     Gourm    .   (no shield)
rNeg     . . .     Faith    .   (helmet restricted)
rPois    .         Spirit   .   (no amulet)
rElec    .         Reflect  .   (no ring)
rCorr    .         Harm     .   (no ring)
MR       .....                  (no ring)
Stlth    +++.......             (no ring)
HPRegen  0.06/turn              (no ring)
MPRegen  0.09/turn              (no ring)
                                (no ring)
                                (no ring)

@: no status effects
A: almost no armour, stealthy swim, amphibious, 8 rings, constrict 8, camouflage
1, gelatinous body 1
a: no special abilities


You were on level 2 of the Dungeon.
You were not hungry.

You visited 1 branch of the dungeon, and saw 2 of its levels.

You collected 25 gold pieces.

Inventory:

Hand Weapons
 a - a +0 short sword (weapon)
Wands
 b - a wand of flame (13)
 c - a wand of enslavement (15)
 d - a wand of random effects (15)
Scrolls
 e - a scroll of remove curse {unknown}
Comestibles
 f - 2 rations


   Skills:
 - Level 1.0 Fighting
 - Level 1.0 Short Blades
 - Level 2.0 Dodging
 + Level 2.0 Stealth
 * Level 1.1 Unarmed Combat
 + Level 3.4 Evocations


You had one spell level left.
You didn't know any spells.
Your spell library was empty.

Dungeon Overview and Level Annotations

Branches:
Dungeon (2/15)

Altars:


Innate Abilities, Weirdness & Mutations

You cannot wear most types of armour.
You are very stealthy in the water. (Stealth+)
You are amphibious.
You can wear up to eight rings at the same time.
You can use your tentacles to constrict eight enemies at once.
Your skin changes colour to match your surroundings (Stealth+).
Your rubbery body absorbs attacks. (AC +1, EV +1)


Message History

The howler monkey is heavily wounded.
The howler monkey hits you.
You barely miss the howler monkey. Your grab misses the howler monkey.
The howler monkey is heavily wounded.
The howler monkey hits you.
You are too injured to fight recklessly!
Evoke which item? (* to show all) (? for menu, Esc to quit)
Aiming: Throw Flame
Press: ? - help, Shift-Dir - straight line, f - howler monkey
Aim: a howler monkey (heavily wounded, catching its breath)
The puff of flame misses the howler monkey.
The howler monkey hits you.
* * * LOW HITPOINT WARNING * * *
Evoke which item? (* to show all) (? for menu, Esc to quit)
Aiming: Throw Flame
Press: ? - help, Shift-Dir - straight line, f - howler monkey
Aim: a howler monkey (heavily wounded, catching its breath)
The puff of flame misses the howler monkey.
The howler monkey hits you.
You die...

######
#....#
#....#
#..<.#
#....##
#<....#
###...##
#.@.>..#
#h.......#
#...s..###
#......#
#......#
####.....
######


You could see a howler monkey and a giant cockroach.

Vanquished Creatures
  A dart slug (D:1)
  4 goblins (D:1)
  A hobgoblin (D:1)
6 creatures vanquished.

Notes
Turn   | Place    | Note
-------+----------+-------------------------------------------
     0 | D:1      | Maedhros the Octopode Artificer began the quest for the
                  | Orb.
     0 | D:1      | Reached XP level 1. HP: 13/13 MP: 3/3
    93 | D:1      | Reached skill level 1 in Unarmed Combat
    93 | D:1      | Reached XP level 2. HP: 18/18 MP: 4/4
   110 | D:2      | Noticed a howler monkey
   118 | D:2      | Slain by a howler monkey

Levels and vault maps discovered:
D:1:      lightli_arrival_noodles, layout_basic, serial_curves, eino_curves_01,
          eino_curves_03, eino_curves_03
D:2:      layout_basic, first_ration, uniq_robin, uniq_crazy_yiuf_cottage

Skill      XL: |  1  2 |
---------------+-------+-----
Unarmed Combat | 1 |  1.1
Stealth        | 2 |  2.0
Fighting       | |  1.0
Short Blades   | |  1.0
Dodging        | |  2.0
Evocations     | |  3.4

Action                   || total
-------------------------++-------
Melee: Short sword       ||    14
       Constrict         ||     6
       Tentacles         ||     3
Evoke: Wand              ||     2
 Stab: Sleeping          ||     2
Dodge: Dodged            ||     7

Table legend:
 A = Non-vault XP
 B = Vault XP
 C = Vault XP percentage of total XP
 D = Non-vault monster count
 E = Vault monster count
 F = Vault count percentage of total count
                 A         B        C        D         E       F
            +---------+---------+-------+---------+---------+-------
      Total |      13 |       0 |   0.0 |       6 |       0 |   0.0
            +---------+---------+-------+---------+---------+-------
        D:1 |      13 |       0 |   0.0 |       6 |       0 |   0.0
            +---------+---------+-------+---------+---------+-------
